 Dungeon Crawl Stone Soup version 0.32-a0-18-g89e19f1974 (webtiles) character file.

Game seed: 15177058358748863954

1491 CraigForest the Grappler (level 8, 0/70 HPs)
             Began as a Troll Shapeshifter on Jan 17, 2024.
             Slain by a gnoll
             ... wielding a +0 spear
             ... led by a gnoll sergeant
              (3 damage)
             ... on level 6 of the Dungeon.
             The game lasted 00:17:20 (3402 turns).

CraigForest the Grappler (Troll Shapeshifter)       Turns: 3402, Time: 00:17:21

Health: 0/70       AC: 12    Str: 25    XL:     8   Next: 51%
Magic:  7/7        EV: 13    Int:  6    God:
Gold:   255        SH:  0    Dex:  9    Spells: 7/7 levels left

rFire   + +          .
                       - Unarmed
rCold   x . .        (no shield)
rNeg    . . .        q - +1 fire dragon scales
rPois   .            (helmet currently unavailable)
rElec   .            (cloak currently unavailable)
rCorr   .            (gloves unavailable)
SInv    .            (boots unavailable)
Will    +....        (no amulet) Stlth
                     h - +5 ring of evasion
HPRegen 1.11/turn    F - ring of willpower
MPRegen 0.10/turn

%: no passive effects
@: beast-form, studying 2 skills
A: beast (slay +2), large, unfitting armour, claws 3, regeneration 1, shaggy fur
1, tough skin 1
a: Begin Untransformation


You were on level 6 of the Dungeon.
You were a hulking beast.
You visited 1 branch of the dungeon, and saw 6 of its levels.

You collected 255 gold pieces.

Inventory:

Hand Weapons
 u - the +7 spear "Rasobiy" {freeze, Fly rCorr Str-2}
   (You found it on level 3 of the Dungeon)

   Str-2:     It affects your strength (-2).
   Fly:       It grants you flight.
   rCorr:     It protects you from acid and corrosion.
Missiles
 C - 8 poisoned darts (quivered)
Armour
 a - a +0 animal skin
 n - a +0 robe
 q - +1 fire dragon scales (worn)
 v - the +0 robe of the Devil's Advocate {rF- rN+ rCorr Str+4}
   (You found it on level 3 of the Dungeon)

   Str+4:     It affects your strength (+4).
   rF-:       It makes you vulnerable to fire.
   rN+:       It protects you from negative energy.
   rCorr:     It protects you from acid and corrosion.
Jewellery
 h - a +5 ring of evasion (left claw)
 A - a ring of see invisible
 F - a ring of willpower (right claw)
Talismans
 c - a beast talisman
 d - a flux talisman
 s - a blade talisman
Wands
 y - a wand of roots (13)
 B - a wand of flame (19)
Scrolls
 e - 2 scrolls of enchant weapon
 p - a scroll of noise
Potions
 b - a potion of lignification
 g - 9 potions of degeneration
 m - a potion of invisibility {unknown}
 t - a potion of might {unknown}
 z - a potion of ambrosia {unknown}
 E - a potion of mutation {unknown}
 G - a potion of haste {unknown}
 H - a potion of heal wounds {unknown}


   Skills:
 - Level 1.0 Fighting
 + Level 3.0 Armour
 + Level 3.5 Dodging
 + Level 8.5 Unarmed Combat
 + Level 5.0 Shapeshifting


You had 7 spell levels left.
You didn't know any spells.
Your spell library contained the following spells:

 Spells                   Type           Power      Damage    Failure   Level
 Lesser Beckoning         Tloc           0%         N/A       91%         2
 Gell's Gravitas          Tloc           0%         N/A       99%         3
 Ozocubu's Armour         Ice            0%         N/A       99%         3
 Teleport Other           Tloc           0%         N/A       99%         3
 Metabolic Englaciation   Hex/Ice        0%         N/A       100%        5
 Sculpt Simulacrum        Ice/Alch       0%         N/A       100%        6


Dungeon Overview and Level Annotations

Branches:
Dungeon (6/15)             Temple (0/1) D:5

Altars:
Ashenzari
Okawaru


Innate Abilities, Weirdness & Mutations

You are a hulking beast.
Your limbs bulge with bestial killing power. (Slay +2)
You are too large for most types of armour.
You have claws for hands.
Your natural rate of healing is unusually fast.
You are covered in fur. (AC +1)
You have tough skin. (AC +1)


Message History

You see here a manual of Armour.
Something appears at your feet! The gnoll hits you but does no damage.
The gnoll sergeant hits you but does no damage.
The gnoll hits you but does no damage. The orc hits you but does no damage.
Okay, then.
You pick up a manual of Armour and begin studying.
The gnoll hits you but does no damage.
The gnoll sergeant hits you from afar with a +0 trident.
* * * LOW HITPOINT WARNING * * *
The gnoll hits you but does no damage. The orc hits you but does no damage.
As you read the scroll labelled XAXAGI QOONOE, it dissolves into smoke.
It was a scroll of fog.
The gnoll hits you but does no damage.
The gnoll sergeant hits you from afar with a +0 trident.
* * * LOW HITPOINT WARNING * * *
The gnoll hits you but does no damage. The orc hits you but does no damage.
As you read the scroll labelled LYOZAU BOOSAWK, it crumbles to dust.
It is a scroll of amnesia.
You feel forgetful for a moment. The gnoll hits you but does no damage.
The gnoll sergeant hits you but does no damage.
The gnoll hits you but does no damage. The orc hits you but does no damage.
You feel better. The gnoll hits you with a +0 club.
* * * LOW HITPOINT WARNING * * *
The gnoll sergeant hits you but does no damage.
The gnoll hits you from afar with a +0 spear.
* * * LOW HITPOINT WARNING * * *
The orc hits you but does no damage.
It was a potion of cancellation.
Your magical effects are unravelling.
You feel magically purged.
You feel less wooden.
Your +1 fire dragon scales unmelds from your body.
You turn into a hulking beast.
The gnoll closely misses you.
The gnoll sergeant hits you from afar with a +0 trident.
* * * LOW HITPOINT WARNING * * *
The gnoll hits you but does no damage. The orc barely misses you.
The gnoll hits you but does no damage.
The gnoll sergeant hits you from afar with a +0 trident.
* * * LOW HITPOINT WARNING * * *
The gnoll hits you from afar with a +0 spear.
You die...

..#...#...........#
........§§☼§§☼☼§☼##
...._...○§§§§§☼°§#
........☼§§§☼§§☼○#
..#...#.☼§§☼§§°○§#
#.##.##.☼☼°☼§☼§§§#
#.......°§§§§°○§○#
###.....§§○§○§☼☼☼###
##....☼§°§☼○☼ho☼§####
##...§§§○§○§#gg☼§☼☼#
###.§§☼○§§#.gg..○##
##○§○§§##....))#
###§####......# ###
#........#
#.........#
#..........#
#...........#


You could see a gnoll sergeant (inner flame), 3 gnolls and an orc (inner flame).

Vanquished Creatures
  Eustachio (D:5)
  A black bear (D:4)
  An ogre (D:6)
  A phantom (D:5)
  A kobold brigand (D:5)
  2 bullfrogs
  3 scorpions
  A bombardier beetle (D:5)
  7 hounds
  A jelly (D:5)
  2 orc priests
  A gnoll bouda (D:5)
  3 iguanas
  3 orc wizards
  Robin (D:3)
  A gnoll (D:6)
  8 adders
  2 ufetubi (D:6)
  6 dart slugs
  15 orcs
  5 ball pythons
  6 endoplasms
  4 giant cockroaches
  15 goblins
  6 hobgoblins
  2 jackals (D:2)
  6 kobolds
  7 quokkas
  3 bats
  2 frilled lizards (D:3)
  7 rats
124 creatures vanquished.

Notes
Turn   | Place    | Note
-------+----------+-------------------------------------------
     0 | D:1      | CraigForest the Troll Shapeshifter began the quest for the
                  | Orb.
     0 | D:1      | Reached XP level 1. HP: 18/18 MP: 0/0
    55 | D:1      | Reached skill level 1 in Fighting
    57 | D:1      | Reached XP level 2. HP: 25/27 MP: 1/1
   394 | D:1      | Found a faded altar of an unknown god.
   464 | D:2      | Reached XP level 3. HP: 33/33 MP: 2/2
   658 | D:2      | Reached XP level 4. HP: 41/41 MP: 3/3
   932 | D:2      | Reached skill level 4 in Unarmed Combat
  1354 | D:3      | Noticed a bullfrog
  1369 | D:3      | Killed a bullfrog
  1370 | D:3      | Reached XP level 5. HP: 41/48 MP: 4/4
  1508 | D:3      | Identified the +7 spear "Rasobiy" {freeze, Fly rCorr Str-2}
  1527 | D:3      | Identified the +0 robe of the Devil's Advocate {rF- rN+
                  | rCorr Str+4}
  1550 | D:3      | Noticed Robin
  1565 | D:3      | Killed Robin
  1874 | D:4      | Noticed a black bear
  1880 | D:4      | Killed a black bear
  1881 | D:4      | Reached skill level 5 in Unarmed Combat
  1881 | D:4      | Reached XP level 6. HP: 45/55 MP: 5/5
  2152 | D:4      | Reached skill level 1 in Armour
  2152 | D:4      | Reached skill level 6 in Unarmed Combat
  2152 | D:4      | You fall into a shaft and drop 2 floors!
  2158 | D:5      | Entered Level 5 of the Dungeon
  2193 | D:5      | Reached XP level 7. HP: 62/62 MP: 6/6
  2198 | D:5      | Found a broken altar of Ashenzari.
  2299 | D:5      | Found a staircase to the Ecumenical Temple.
  2366 | D:5      | Reached skill level 7 in Unarmed Combat
  2888 | D:5      | Noticed Eustachio
  2891 | D:5      | Killed Eustachio
  2892 | D:5      | Reached XP level 8. HP: 67/70 MP: 7/7
  3298 | D:6      | Reached skill level 8 in Unarmed Combat
  3316 | D:6      | Found an iron altar of Okawaru.
  3332 | D:6      | Reached skill level 5 in Shapeshifting
  3396 | D:6      | Identified a scroll of acquirement
  3396 | D:6      | Acquired a manual of Armour
  3402 | D:6      | HP: 3/70 [gnoll sergeant/+0 trident (5)]
  3402 | D:6      | Slain by a gnoll

Illustrated notes

Levels and vault maps discovered:
D:1:      scummos_arrival_checkerplants, layout_rooms,
          shapermc_ecumenical_altar_petra
D:2:      layout_loops_ring
D:3:      layout_basic, palyth_stone_intersect, minmay_fractal_squares_5,
          uniq_robin
D:4:      cheibrodos_pilgrimage, layout_rooms, minmay_manual_mail
D:5:      layout_basic, nicolae_ashenzari_skybound,
          minmay_temple_entry_from_below_b, st_stairs_6,
          chequers_serial_rivers_micro_c, blue_anna_alchemist, uniq_eustachio
D:6:      layout_cave_pods, okawaru_gym_becter, uniq_edmund, uniq_sigmund

Skill      XL: |  1  2  3  4  5  6  7  8 |
---------------+-------------------------+-----
Fighting       | 1 |  1.0
Dodging        | 2 3 |  3.5
Unarmed Combat | 4 5 6 7 8 |  8.5
Shapeshifting  | 4 5 |  5.0
Armour         | 1 2 3 |  3.0

Action                     |  1- 3 |  4- 6 |  7- 9 || total
---------------------------+-------+-------+-------++-------
  Melee: Unarmed           |    84 |   120 |   123 ||   327
         Punch             |     2 |     4 |     2 ||     8
    Use: Scroll            |       |     3 |     9 ||    12
         Potion            |       |       |     3 ||     3
   Stab: Sleeping          |     1 |       |       ||     1
 Armour: Animal skin       |    28 |       |       ||    28
         Robe              |    12 |     7 |       ||    19
         Fire dragon scale |       |    77 |    83 ||   160
         Skin              |       |       |   118 ||   118
  Dodge: Dodged            |    34 |    84 |    87 ||   205

Table legend: (Time is in decaauts)
 A = Elapsed time spent in this place.
 B = Non-inter-level travel time spent in this place.
 C = Inter-level travel time spent in this place.
 D = Time resting spent in this place.
 E = Time spent auto-exploring this place.
 F = Levels seen in this place.
 G = Mean time per level.
                   A        B        C        D        E       F      G
               +--------+--------+--------+--------+--------+-----+--------+
         Total |   3366 |   3196 |    170 |      0 |   1992 |   6 |  561.0 |
       Dungeon |   3366 |   3196 |    170 |      0 |   1992 |   6 |  561.0 |
               +--------+--------+--------+--------+--------+-----+--------+

Top non-repeatable levels by time:
     D:5: 883 daAuts
     D:3: 801 daAuts
     D:2: 623 daAuts
     D:4: 495 daAuts
     D:1: 439 daAuts
     D:6: 123 daAuts
